 Dungeon Crawl Stone Soup version 0.28-a0-823-gb444dcf96d (webtiles) character file.

Game seed: 2990087407665709435

93208 Gargoyl the Fighter (level 16, -2/129 HPs)
             Began as a Gnoll Abyssal Knight on Nov 9, 2021.
             Was a High Priest of Lugonu.
             Slain by a chaos spawn (5 damage)
             ... summoned by Frances
             ... on level 14 of the Dungeon on Nov 10, 2021.
             The game lasted 00:44:04 (26310 turns).

Gargoyl the Fighter (Gnoll Abyssal Knight)         Turns: 26310, Time: 00:44:06

Health: -2/129     AC:  4    Str: 23    XL:     16   Next: 8%
Magic:  30/30      EV: 14    Int: 10    God:    Lugonu [*****.]
Gold:   978        SH: 10    Dex: 23    Spells: 36/36 levels left

rFire   . . .      SeeInvis .   D - +5 broad axe "Kimepaps" {venom, *Slow rElec Will++}
rCold   . . .      Faith    .   q - +2 buckler of Muttered Phrases {Dex+3}
rNeg    . . .      Spirit   .   y - +0 plate armour
rPois   +          Reflect  .   g - +2 helmet
rElec   +          Harm     .   Q - scarf {repulsion}
rCorr   .          Rampage  .   f - +0 pair of gloves
Will    ++++.      Rage     1%  (no boots)
Stlth   +.........              H - amulet of regeneration
HPRegen 1.31/turn               V - ring "Pebbawio" {Will+ Str+3 Dex+6}
MPRegen 0.22/turn               e - ring of poison resistance

@: corroded, repel missiles
A: fangs 1, strong nose, distributed training, berserk 1, strong 1
a: Renounce Religion, Depart the Abyss, Bend Space, Banish, Corrupt, Enter the
Abyss


You were on level 14 of the Dungeon.
You worshipped Lugonu.
Lugonu was extremely pleased with you.
You visited 2 branches of the dungeon, and saw 21 of its levels.
You visited the Abyss 1 time.
You also visited: Ossuary and Gauntlet.

You collected 1717 gold pieces.
You spent 739 gold pieces at shops.

Inventory:

Hand Weapons
 i - a +5 hand axe
 s - the +11 dagger of Perversion {holy, *Corrode +Blink rC+++ Str+3}
   (You found it on level 6 of the Dungeon)

   It has been blessed by the Shining One to cause great damage to the undead
   and demons.
   Str:       It affects your strength (+3).
   rC:        It renders you almost immune to cold.
   +Blink:    It lets you blink.
   *Corrode:  It may corrode you when you take damage.
 D - the +5 broad axe "Kimepaps" (weapon) {venom, *Slow rElec Will++}
   (You acquired it on level 1 of the Lair of Beasts)

   It poisons the flesh of those it strikes.
   rElec:     It insulates you from electricity.
   *Slow:     It may slow you when you take damage.
   Will:      It greatly increases your willpower.
 N - a +4 broad axe of electrocution
 R - a +5 broad axe of speed
 S - the +9 trident "Caclaler" {flame, rPois Str-5 Int+2}
   (You found it on level 6 of the Lair of Beasts)

   It burns those it strikes, dealing additional fire damage.
   Str:       It affects your strength (-5).
   Int:       It affects your intelligence (+2).
   rPois:     It protects you from poison.
Missiles
 r - 60 poisoned darts (quivered)
 W - 2 curare-tipped darts
Armour
 f - a +0 pair of gloves (worn)
 g - a +2 helmet (worn)
 q - the +2 buckler of Muttered Phrases (worn) {Dex+3}
   (You found it on level 7 of the Dungeon)

   Dex:       It affects your dexterity (+3).
 y - a +0 plate armour (worn)
 Q - a scarf of repulsion (worn)
Jewellery
 a - a +6 ring of intelligence
 e - a ring of poison resistance (right hand)
 m - a ring of protection from cold
 G - a +4 ring of evasion
 H - an amulet of regeneration (around neck)
 I - a ring of positive energy
 J - a ring of see invisible
 M - an amulet of the acrobat
 T - the amulet of Fucruliu {Reflect Int+4 SH+5}
   (You found it on level 6 of the Lair of Beasts)

   [amulet of reflection]

   It reflects blocked missile attacks.
   Int:       It affects your intelligence (+4).
   SH:        It affects your SH (+5).
 V - the ring "Pebbawio" (left hand) {Will+ Str+3 Dex+6}
   (You found it on level 6 of the Lair of Beasts)

   [ring of dexterity]

   Str:       It affects your strength (+3).
   Dex:       It affects your dexterity (+6).
   Will:      It increases your willpower.
Wands
 l - a wand of iceblast (30)
 o - a wand of charming (12)
 w - a wand of paralysis (17)
 z - a wand of polymorph (20)
 A - a wand of mindburst (15)
 L - a wand of flame (24)
 U - a wand of acid (5)
Scrolls
 b - 12 scrolls of identify
 c - 2 scrolls of enchant armour
 j - 13 scrolls of teleportation
 p - 7 scrolls of fog
 t - 4 scrolls of magic mapping
 u - 4 scrolls of fear
 K - a scroll of silence {unknown}
 O - 3 scrolls of blinking
Potions
 d - a potion of cancellation
 h - 10 potions of flight
 k - 3 potions of brilliance
 n - 6 potions of haste
 v - 2 potions of ambrosia
 x - 4 potions of lignification
 B - 3 potions of might
 C - 3 potions of attraction
 E - 6 potions of curing
 F - a potion of heal wounds
 P - a potion of invisibility


   Skills:
 + Level 12.4 Fighting
 + Level 10.6 Short Blades
 + Level 10.6 Long Blades
 + Level 11.5 Axes
 + Level 10.6 Maces & Flails
 + Level 10.6 Polearms
 + Level 10.6 Staves
 + Level 10.6 Slings
 + Level 10.6 Bows
 + Level 10.6 Crossbows
 + Level 10.6 Throwing
 + Level 11.5 Armour
 + Level 10.9 Dodging
 + Level 10.6 Stealth
 + Level 10.6 Shields
 + Level 10.6 Unarmed Combat
 + Level 10.6 Spellcasting
 + Level 8.9 Conjurations
 + Level 8.9 Hexes
 + Level 8.9 Summonings
 + Level 8.9 Necromancy
 + Level 8.9 Translocations
 + Level 8.9 Transmutations
 + Level 8.9 Fire Magic
 + Level 8.9 Ice Magic
 + Level 8.9 Air Magic
 + Level 8.9 Earth Magic
 + Level 8.9 Poison Magic
 + Level 12.4 Invocations
 + Level 10.6 Evocations


You had 36 spell levels left.
You didn't know any spells.
Your spell library contained the following spells:

 Spells                   Type           Power      Damage    Failure   Level
 Animate Skeleton         Necr           46%        N/A       3%          1
 Apportation              Tloc           46%        N/A       3%          1
 Magic Dart               Conj           92%        1d7       3%          1
 Shock                    Conj/Air       92%        1d8       3%          1
 Slow                     Hex            92%        N/A       3%          1
 Summon Small Mammal      Summ           92%        N/A       3%          1
 Call Imp                 Summ           23%        N/A       5%          2
 Ensorcelled Hibernation  Hex/Ice        46%        N/A       5%          2
 Static Discharge         Conj/Air       23%        N/A       5%          2
 Sublimation of Blood     Necr           23%        N/A       5%          2
 Wereblood                Tmut           23%        N/A       5%          2
 Confusing Touch          Hex            23%        N/A       11%         3
 Inner Flame              Hex/Fire       23%        N/A       11%         3
 Mephitic Cloud           Conj/Pois/Air  23%        N/A       11%         3
 Swiftness                Air            23%        N/A       11%         3
 Tukima's Dance           Hex            23%        N/A       11%         3
 Airstrike                Air            11%        N/A       34%         4
 Animate Armour           Summ/Erth      46%        N/A       34%         4
 Cause Fear               Hex            11%        N/A       34%         4
 Dispel Undead            Necr           23%        3d12      34%         4
 Petrify                  Tmut/Erth      23%        N/A       34%         4
 Sticky Flame             Conj/Fire      23%        2d4       34%         4
 Summon Lightning Spire   Summ/Air       23%        N/A       34%         4
 Blade Hands              Tmut           11%        N/A       69%         5
 Fireball                 Conj/Fire      11%        3d7       69%         5
 Freezing Cloud           Conj/Ice/Air   11%        6-21      69%         5
 Iskenderun's Battlesphe  Conj           23%        2d8       69%         5
 Lightning Bolt           Conj/Air       11%        1d24      69%         5
 Metabolic Englaciation   Hex/Ice        11%        N/A       69%         5
 Summon Forest            Summ/Tloc      11%        N/A       69%         5
 Summon Mana Viper        Hex/Summ       23%        N/A       69%         5
 Yara's Violent Unravell  Hex/Tmut       11%        3d6       69%         5
 Conjure Ball Lightning   Conj/Air       11%        3x3d6     99%         6
 Iron Shot                Conj/Erth      11%        9d3       99%         6
 Statue Form              Tmut/Erth      15%        N/A       99%         6
 Summon Cactus Giant      Summ           11%        N/A       99%         6
 Orb of Destruction       Conj           11%        9d5       100%        7
 Summon Hydra             Summ           11%        N/A       100%        7
 Discord                  Hex            11%        N/A       100%        8


Dungeon Overview and Level Annotations

Branches:
Dungeon (15/15)            Temple (0/1) D:7            Lair (6/6) D:9
  Swamp (0/4) Lair:2        Snake (0/4) Lair:2        Slime (0/5) Lair:6
    Orc (0/2) D:11        Ossuary (visited)         Gauntlet (visited)
 Vaults: D:13-14     Depths: D:15

Altars:
Dithmenos
Elyvilon
Fedhas
Ru
Sif Muna
Xom
Yredelemnul

Shops:
D:2 *   D:10 :   D:11 (   D:15 =

Annotations:
D:5 1 runed translucent door
D:7 1 transporter, Essalna's ghost, novice DsFE
D:12 3 runed translucent doors
D:14 Frances
Abyss:1 Gastronok


Innate Abilities, Weirdness & Mutations

You have very sharp teeth.
Your uncanny sense of smell can sniff out nearby items.
Your experience applies equally to all skills.
You tend to lose your temper in combat.
Your muscles are strong. (Str +2)


Message History

Frances is almost dead.
You hit the rust devil but do no damage.
The rust devil looks even sicker.
You hit the chaos spawn but do no damage.
The chaos spawn looks even sicker.
You hit the smoke demon.
Frances hits you with a +1 war axe of freezing!!
Frances freezes you! The smoke demon hits you. x2
The smoke demon barely misses you. You block the chaos spawn's attack.
The rust devil hits you. The rust devil corrodes you!
You barely miss Frances.
Frances is almost dead.
You hit the rust devil but do no damage.
You closely miss the chaos spawn. You slash the smoke demon!
Frances chants phrases taken from a devil's mouth.
Frances seems to speed up.
The smoke demon gestures at you. The ball of steam hits you!
* * * LOW HITPOINT WARNING * * *
You block the chaos spawn's attack. The rust devil misses you.
Unknown command.
You hit Frances but do no damage.
Frances is almost dead.
You slash the rust devil!
The rust devil looks as sick as possible!
You hit the chaos spawn but do no damage.
The chaos spawn looks as sick as possible!
You hit the smoke demon but do no damage.
You are engulfed in a cloud of scalding steam.
Frances screams a word of power!
The shard of ice misses you.
Frances hits you with a +1 war axe of freezing!!
* * * LOW HITPOINT WARNING * * *
Frances freezes you.
* * * LOW HITPOINT WARNING * * *
The smoke demon barely misses you.
The smoke demon hits you but does no damage.
The smoke demon hits you.
* * * LOW HITPOINT WARNING * * *
You block the rust devil's attack. The chaos spawn hits you.
You die...

... .. ## .# #.
#######.#
#.########....^..#
.........#.#.#..##
......##...#.#..§##
......##.###.###§4#
......##.#.....#@4#
.........#######3@#
......##.≈≈≈≈≈≈≈c.#
......##.#######..#
......##.#.....#..#
......##.###.###..#
......##.. #.# ..##
......###. # # ..#
.###### .


You could see Frances (fast, extremely poisoned), a rust devil (summoned,
extremely poisoned), a smoke demon (summoned), a chaos spawn (summoned,
extremely poisoned) and a centaur.

Vanquished Creatures
  Kirke (Lair:4)
  The ghost of Dutif the Tainter, a journeyman OpVM of Sif Muna (Lair:5)
  A minotaur (Gauntlet)
  The ghost of Lekart the Thaumaturge, a journeyman DrAE of Sif Muna (D:11)
  Fannar (Lair:3)
  3 boulder beetles
  2 hydras
  3 centaur warriors
  A merfolk avatar (Lair:6)
  3 catoblepae
  A tengu warrior (D:15)
  An alligator (Lair:4)
  8 two-headed ogres
  15 death yaks
  Urug (Lair:6)
  3 skeletal warriors (D:12)
  An orange crystal statue (D:12)
  2 manticores
  2 deep elf pyromancers (D:15)
  A necromancer (Gauntlet)
  A worldbinder (Gauntlet)
  14 elephants
  A salamander (shapeshifter) (Gauntlet)
  23 ugly things
  4 cyclopes
  11 black mambas
  A guardian serpent (Lair:2)
  Maggie (D:6)
  A torpor snail (Lair:5)
  15 cane toads
  11 komodo dragons
  2 rime drakes (Lair:6)
  A kobold demonologist (D:10)
  A minotaur zombie (Gauntlet)
  A tengu conjurer (D:13)
  2 hornets (Lair:6)
  3 meliai (D:15)
  A wind drake (Lair:6)
  A polar bear (Lair:6)
  A hornet (shapeshifter) (Gauntlet)
  A troll (D:14)
  8 dream sheep
  3 slime creatures (D:12)
  2 snapping turtles (Lair:6)
  7 shadows
  15 blink frogs
  A wraith (D:10)
  A yak (shapeshifter) (D:13)
  A water elemental (D:12)
  7 wyverns
  A ynoxinul (Gauntlet)
  A hog (Lair:4)
  44 yaks
  3 basilisks
  Grum (D:10)
  A steam dragon (D:8)
  3 vampire mosquitoes (D:9)
  2 acid dragons
  14 water moccasins
  4 orc warriors
  3 black bears
  2 ogres (D:15)
  2 sky beasts
  4 necrophages
  26 wolves
  A boggart (Gauntlet)
  24 centaurs
  A phantom (D:7)
  4 kobold brigands
  12 bullfrogs
  Blork the orc (D:6)
  A gnoll sergeant (D:8)
  2 wyvern skeletons
  A water moccasin skeleton (D:7)
  4 wights (D:8)
  9 killer bees
  An electric eel (Lair:6)
  3 centaur zombies
  2 orc priests
  2 jellies (Lair:6)
  3 gnoll shamans
  A bullfrog skeleton (D:6)
  2 hounds
  4 iron imps (Gauntlet)
  A human skeleton (D:5)
  3 iguanas
  17 orc wizards
  An iguana (shapeshifter) (Gauntlet)
  Natasha (twice) (D:2)
  A hound skeleton (D:4)
  2 mummies (Ossuary)
  Robin (D:2)
  A howler monkey zombie (D:11)
  14 gnolls
  A howler monkey skeleton (D:7)
  6 adders
  An ufetubus (D:6)
  An adder skeleton (D:4)
  3 worms
  A dart slug (D:4)
  43 orcs
  12 endoplasms
  5 giant cockroaches
  15 hobgoblins
  6 jackals (D:2)
  A quokka (D:4)
  4 ball pythons
  5 bats
  3 frilled lizards
  2 gnoll zombies (Ossuary)
  16 goblins
  A hobgoblin zombie (Ossuary)
  A jackal skeleton (D:5)
  28 kobolds
  A kobold zombie (Ossuary)
  4 orc zombies (Ossuary)
  8 rats
594 creatures vanquished.

Vanquished Creatures (others)
  A blizzard demon (Gauntlet)
  An ogre mage (D:15)
  A tengu warrior (D:11)
  4 death yaks (Gauntlet)
  A necromancer (Gauntlet)
  A tengu conjurer (D:15)
  A yak (Lair:4)
  A human (Lair:4)
  A centaur (D:11)
  2 orc wizards (D:6)
  3 demonic plants (Gauntlet)
  49 fungi
  119 plants
  2 starspawn tentacles (Gauntlet)
  33 withered plants (Gauntlet)
220 creatures vanquished.

Grand Total: 814 creatures vanquished

Notes
Turn   | Place    | Note
-------+----------+-------------------------------------------
     0 | Abyss:1  | Gargoyl the Gnoll Abyssal Knight began the quest for the
                  | Orb.
     0 | Abyss:1  | Reached XP level 1. HP: 23/23 MP: 3/3
     8 | Abyss:2  | Found a corrupted altar of Lugonu.
    11 | Abyss:2  | Noticed a small abomination
    36 | D:1      | Escaped the Abyss
    55 | D:1      | Noticed a polar bear
    55 | D:1      | Noticed a water moccasin
    56 | D:1      | Noticed a wyvern
    56 | D:1      | Noticed a hound
   539 | D:1      | Reached XP level 2. HP: 29/29 MP: 5/5
   545 | D:1      | Reached * piety under Lugonu
  1265 | D:2      | Noticed Robin
  1275 | D:1      | Reached XP level 3. HP: 18/35 MP: 6/6
  1681 | D:2      | Killed Robin
  1909 | D:2      | Reached skill level 1 in Short Blades
  1909 | D:2      | Reached skill level 1 in Long Blades
  1909 | D:2      | Reached skill level 1 in Maces & Flails
  1909 | D:2      | Reached skill level 1 in Polearms
  1909 | D:2      | Reached skill level 1 in Staves
  1909 | D:2      | Reached skill level 1 in Slings
  1909 | D:2      | Reached skill level 1 in Bows
  1909 | D:2      | Reached skill level 1 in Crossbows
  1909 | D:2      | Reached skill level 1 in Throwing
  1909 | D:2      | Reached skill level 1 in Stealth
  1909 | D:2      | Reached skill level 1 in Shields
  1909 | D:2      | Reached skill level 1 in Unarmed Combat
  1909 | D:2      | Reached skill level 1 in Spellcasting
  1909 | D:2      | Reached skill level 1 in Evocations
  1960 | D:2      | Reached XP level 4. HP: 36/41 MP: 7/7
  2075 | D:2      | Found Moysmymm's General Store.
  2081 | D:2      | Reached ** piety under Lugonu
  2105 | D:2      | Bought a scroll of teleportation for 39 gold pieces
  2116 | D:2      | Noticed Natasha
  2130 | D:2      | Killed Natasha
  2131 | D:2      | Reached skill level 1 in Conjurations
  2131 | D:2      | Reached skill level 1 in Hexes
  2131 | D:2      | Reached skill level 1 in Summonings
  2131 | D:2      | Reached skill level 1 in Necromancy
  2131 | D:2      | Reached skill level 1 in Translocations
  2131 | D:2      | Reached skill level 1 in Transmutations
  2131 | D:2      | Reached skill level 1 in Fire Magic
  2131 | D:2      | Reached skill level 1 in Ice Magic
  2131 | D:2      | Reached skill level 1 in Air Magic
  2131 | D:2      | Reached skill level 1 in Earth Magic
  2131 | D:2      | Reached skill level 1 in Poison Magic
  2475 | D:2      | Noticed Natasha
  2479 | D:2      | Killed Natasha
  2480 | D:2      | Reached XP level 5. HP: 46/47 MP: 8/8
  2688 | D:3      | Found a shimmering altar of Xom.
  2691 | D:3      | Found a shimmering altar of Xom.
  2691 | D:3      | Found a shimmering altar of Xom.
  2692 | D:3      | Found a shimmering altar of Xom.
  2692 | D:3      | Found a shimmering altar of Xom.
  2709 | D:3      | Found a shimmering altar of Xom.
  2918 | D:3      | Found a faded altar of an unknown god.
  3596 | D:3      | Reached skill level 5 in Invocations
  3738 | D:3      | Reached *** piety under Lugonu
  3921 | D:4      | Reached XP level 6. HP: 53/53 MP: 9/9
  3977 | D:4      | Noticed a necrophage
  3989 | D:4      | Killed a necrophage
  3990 | D:4      | Reached skill level 5 in Axes
  3990 | D:4      | Reached skill level 5 in Armour
  4202 | D:4      | Found a sand-covered staircase.
  4210 | Ossuary  | Entered an ossuary
  4705 | D:4      | Got the Disquisition on Cloudy Beguiling
  5136 | D:5      | Entered Level 5 of the Dungeon
  5165 | D:5      | Noticed a black bear
  5177 | D:5      | Killed a black bear
  5178 | D:5      | Reached XP level 7. HP: 36/60 MP: 10/10
  5302 | D:5      | Found a runed translucent door.
  5302 | D:5      | Noticed a human
  5323 | D:5      | Reached **** piety under Lugonu
  5437 | D:5      | Found a basalt altar of Yredelemnul.
  6025 | D:5      | Reached XP level 8. HP: 66/67 MP: 12/12
  6190 | D:6      | Identified the +11 dagger of Perversion {holy, *Corrode
                  | +Blink rC+++ Str+3}
  6633 | D:6      | Noticed Maggie
  6651 | D:6      | HP: 3/67 [Maggie/bolt of fire (20)]
  6653 | D:6      | Killed Maggie
  7057 | D:6      | Reached XP level 9. HP: 56/72 MP: 14/14
  7406 | D:6      | Noticed Blork the orc
  7415 | D:6      | Killed Blork the orc
  7532 | D:7      | Found a transporter.
  7652 | D:7      | Found a staircase to the Ecumenical Temple.
  7853 | D:7      | Reached skill level 5 in Dodging
  8328 | D:7      | Noticed Essalna's ghost (novice DsFE)
  8330 | D:7      | Identified the +6 great mace "Yhuman" {flame, Fragile rPois
                  | rCorr Dex-2}
  8330 | D:7      | Identified the +5 dire flail "Tehuav" {pain, rC+}
  8330 | D:7      | Noticed a two-headed ogre
  8456 | D:7      | Identified the +2 buckler of Muttered Phrases {Dex+3}
  9522 | D:8      | You fall into a shaft and drop 1 floor!
  9606 | D:8      | Reached XP level 10. HP: 64/80 MP: 17/17
 10511 | D:9      | Found a blossoming altar of Fedhas.
 10516 | D:9      | Found a sacrificial altar of Ru.
 10550 | D:9      | Noticed a two-headed ogre
 10562 | D:9      | Killed a two-headed ogre
 10563 | D:9      | Reached skill level 5 in Short Blades
 10563 | D:9      | Reached skill level 5 in Long Blades
 10563 | D:9      | Reached skill level 5 in Maces & Flails
 10563 | D:9      | Reached skill level 5 in Polearms
 10563 | D:9      | Reached skill level 5 in Staves
 10563 | D:9      | Reached skill level 5 in Slings
 10563 | D:9      | Reached skill level 5 in Bows
 10563 | D:9      | Reached skill level 5 in Crossbows
 10563 | D:9      | Reached skill level 5 in Throwing
 10563 | D:9      | Reached skill level 5 in Stealth
 10563 | D:9      | Reached skill level 5 in Shields
 10563 | D:9      | Reached skill level 5 in Unarmed Combat
 10563 | D:9      | Reached skill level 5 in Spellcasting
 10563 | D:9      | Reached skill level 5 in Evocations
 10923 | D:9      | Found a shadowy altar of Dithmenos.
 11003 | D:9      | Noticed Gastronok
 11012 | D:9      | Banished Gastronok
 11242 | D:9      | Found a staircase to the Lair.
 11536 | D:9      | Noticed a two-headed ogre
 11549 | D:9      | Killed a two-headed ogre
 11743 | D:9      | Reached XP level 11. HP: 48/87 MP: 19/19
 12086 | D:9      | Found a shimmering blue altar of Sif Muna.
 12088 | D:9      | Found a white marble altar of Elyvilon.
 12363 | D:10     | Entered Level 10 of the Dungeon
 12627 | D:10     | Found Vapoif's Book Shop.
 12651 | D:10     | Reached skill level 5 in Conjurations
 12651 | D:10     | Reached skill level 5 in Hexes
 12651 | D:10     | Reached skill level 5 in Summonings
 12651 | D:10     | Reached skill level 5 in Necromancy
 12651 | D:10     | Reached skill level 5 in Translocations
 12651 | D:10     | Reached skill level 5 in Transmutations
 12651 | D:10     | Reached skill level 5 in Fire Magic
 12651 | D:10     | Reached skill level 5 in Ice Magic
 12651 | D:10     | Reached skill level 5 in Air Magic
 12651 | D:10     | Reached skill level 5 in Earth Magic
 12651 | D:10     | Reached skill level 5 in Poison Magic
 12952 | D:10     | Noticed Grum
 12974 | D:10     | Killed Grum
 13309 | D:10     | Reached ***** piety under Lugonu
 13552 | D:10     | Noticed a sun demon
 14415 | Lair:1   | Entered Level 1 of the Lair of Beasts
 14508 | Lair:1   | Identified a scroll of acquirement
 14508 | Lair:1   | Acquired the +5 broad axe "Kimepaps" {venom, *Slow rElec
                  | Will++}
 15955 | Lair:2   | Noticed an eight-headed hydra
 15958 | Lair:2   | Banished an eight-headed hydra
 16043 | Lair:2   | Found a staircase to the Swamp.
 16194 | Lair:2   | Reached XP level 12. HP: 96/96 MP: 22/22
 16333 | Lair:2   | Found a staircase to the Snake Pit.
 16722 | Lair:3   | Noticed an eight-headed hydra
 16725 | Lair:3   | Banished an eight-headed hydra
 16760 | Lair:3   | Noticed Fannar
 16802 | Lair:3   | Noticed an eight-headed hydra
 16810 | Lair:3   | Banished a nine-headed hydra
 16811 | Lair:3   | HP: 4/97 [poisoned by a cane toad]
 16816 | Lair:3   | HP: 3/97 [poisoned by a cane toad]
 16930 | Lair:3   | Killed Fannar
 17453 | Lair:3   | Reached skill level 10 in Fighting
 17999 | Lair:4   | Noticed a death yak
 18006 | Lair:4   | Killed a death yak
 18017 | Lair:4   | Reached XP level 13. HP: 82/103 MP: 24/24
 18147 | Lair:4   | Reached skill level 10 in Invocations
 18409 | Lair:4   | Noticed Kirke
 18427 | Lair:4   | Killed Kirke
 18774 | Lair:5   | Found a runed translucent gate.
 18775 | Lair:5   | Found a runed translucent gate.
 18776 | Lair:5   | Found a runed translucent gate.
 18780 | Lair:5   | Noticed Dutif's ghost (journeyman OpVM)
 19223 | Lair:5   | Killed Dutif's ghost
 19247 | Lair:5   | Gained mutation: You are dopey. (Int -2) [potion of
                  | mutation]
 19597 | Lair:5   | Reached skill level 10 in Axes
 19597 | Lair:5   | Reached skill level 10 in Armour
 19598 | Lair:5   | Reached XP level 14. HP: 110/113 MP: 26/26
 19751 | Lair:6   | Entered Level 6 of the Lair of Beasts
 19802 | Lair:6   | Noticed Urug
 19814 | Lair:6   | Killed Urug
 19896 | Lair:6   | Upgraded the game from 0.28-a0-821-g923ab73998 to
                  | 0.28-a0-823-gb444dcf96d
 20483 | Lair:6   | Found a staircase to the Slime Pits.
 20952 | Lair:6   | Identified the +9 trident "Caclaler" {flame, rPois Str-5
                  | Int+2}
 20958 | Lair:6   | Identified the amulet of Fucruliu {Reflect Int+4 SH+5}
 20969 | Lair:6   | Identified the ring "Pebbawio" {Will+ Str+3 Dex+6}
 20993 | Lair:6   | Reached skill level 10 in Dodging
 21699 | D:11     | Found Miemepn's Antique Weapon Emporium.
 21710 | D:11     | Bought a runed broad axe for 245 gold pieces
 21710 | D:11     | Bought a runed hand axe for 210 gold pieces
 21711 | D:11     | Bought a runed scimitar for 245 gold pieces
 21758 | D:11     | Found a runed translucent door.
 21759 | D:11     | Noticed Lekart's ghost (journeyman DrAE)
 21819 | D:11     | Killed Lekart's ghost
 21820 | D:11     | Reached XP level 15. HP: 72/120 MP: 28/28
 21872 | D:11     | Found a staircase to the Orcish Mines.
 22467 | D:12     | Reached skill level 10 in Short Blades
 22467 | D:12     | Reached skill level 10 in Long Blades
 22467 | D:12     | Reached skill level 10 in Maces & Flails
 22467 | D:12     | Reached skill level 10 in Polearms
 22467 | D:12     | Reached skill level 10 in Staves
 22467 | D:12     | Reached skill level 10 in Slings
 22467 | D:12     | Reached skill level 10 in Bows
 22467 | D:12     | Reached skill level 10 in Crossbows
 22467 | D:12     | Reached skill level 10 in Throwing
 22467 | D:12     | Reached skill level 10 in Stealth
 22467 | D:12     | Reached skill level 10 in Shields
 22467 | D:12     | Reached skill level 10 in Unarmed Combat
 22467 | D:12     | Reached skill level 10 in Spellcasting
 22467 | D:12     | Reached skill level 10 in Evocations
 22724 | D:12     | Found a runed translucent door.
 22763 | D:12     | Found a runed translucent door.
 22780 | D:12     | Found a runed translucent door.
 22790 | D:12     | Found a runed translucent door.
 22935 | D:12     | Identified the +9 quarterstaff of the Destroying Seeker
                  | {holy, rC+ rCorr Dex-4}
 23628 | D:13     | Lost mutation: You are dopey. (Int -2) [potion of mutation]
 23628 | D:13     | Gained mutation: You tend to lose your temper in combat.
                  | [potion of mutation]
 23628 | D:13     | Gained mutation: Your muscles are strong. (Str +2) [potion
                  | of mutation]
 23966 | D:13     | You fall into a shaft and drop 2 floors!
 23966 | D:15     | Entered Level 15 of the Dungeon
 24038 | D:15     | HP: 2/120 [red ugly thing (16)]
 24210 | D:15     | Reached ****** piety under Lugonu
 24397 | D:15     | Found Sylagrull's Jewellery Shoppe.
 24584 | D:15     | Found a sacrificial altar of Ru.
 24684 | D:14     | Found a gate leading to a gauntlet.
 24693 | Gauntlet | Entered a Gauntlet
 24693 | Gauntlet | Found a transporter.
 24693 | Gauntlet | Found a transporter.
 24705 | Gauntlet | Found a transporter.
 24705 | Gauntlet | Found a transporter.
 24715 | Gauntlet | Found a transporter.
 24719 | Gauntlet | Found a transporter.
 24725 | Gauntlet | Found a transporter.
 24725 | Gauntlet | Found a transporter.
 24741 | Gauntlet | Corrupted Gauntlet
 25488 | Gauntlet | Found a transporter.
 25513 | Gauntlet | Identified the +1 robe of the Vaults {Regen+}
 25518 | Gauntlet | Found a transporter.
 25561 | Gauntlet | Found a transporter.
 25562 | Gauntlet | Found a transporter.
 25742 | Gauntlet | Found a transporter.
 25751 | Gauntlet | Reached XP level 16. HP: 124/128 MP: 30/30
 25774 | Gauntlet | Found a transporter.
 25816 | Gauntlet | Found a transporter.
 25817 | Gauntlet | Found a transporter.
 26293 | D:14     | Noticed Frances
 26310 | D:14     | HP: 3/129 [smoke demon[Frances] (4)]
 26310 | D:14     | Slain by a chaos spawn

Illustrated notes

Levels and vault maps discovered:
D:1:      onia_arrival_zoo_common, layout_basic, hangedman_decor_push,
          chequers_serial_rivers_small_b, kennysheep_boxes
D:2:      layout_basic, serial_shops, shop, serial_glass, glass_columns_a,
          glass_columns_a, chequers_serial_rivers_small_b,
          kennysheep_decorative_pillar, uniq_robin, uniq_natasha
D:3:      layout_basic, xom_redecorated, shapermc_ecumenical_altar_mp_highgroup,
          st_stairs_12, minivault_26, kennysheep_generic_room_10
D:4:      layout_loops_ring, enter_ossuary_2
D:5:      layout_basic, dk_yredelemnul_ordeal
D:6:      layout_rooms, minmay_a_box_with_orc_wizards_in_it, uniq_blork_the_orc,
          uniq_maggie
D:7:      layout_gridville, minmay_temple_entry_hall, gammafunk_ghost_smash,
          nrook_uturn, grunt_ministairs_4
D:8:      layout_layer_cave
D:9:      layout_roguey, nicolae_dithmenos_the_darkroom,
          nicolae_overflow_hidden_temple, david_lair_shrubbed, chequers_garden,
          uniq_gastronok
D:10:     layout_loops_cross, serial_shops, nicolae_shop_statue_plus, uniq_grum
D:11:     layout_cave_pools, orc_0_dummy, ebering_ghost_inner_flame,
          serial_shops, shop, minmay_increasing_density
D:12:     argonaut_augean_stables, layout_irregular_city, serial_rivers,
          chequers_serial_rivers_large_a, chequers_serial_rivers_micro_c,
          chequers_serial_rivers_small_a, chequers_serial_rivers_marsh,
          chequers_serial_rivers_small_a, chequers_serial_rivers_small_b,
          amcnicky_mini_rare_corridor_liquid, minmay_statue_crystal_thing
D:13:     layout_irregular_city, portal_ice_cave_entry_pillars_1
D:14:     layout_roguey, david_vaults_1, grunt_decor_cap,
          gauntlet_entry_generic, kennysheep_crisscross, uniq_jorgrun,
          uniq_frances, uniq_louise
D:15:     gammafunk_enter_depths_forms, layout_basic, nicolae_ru_path_of_blood,
          minmay_shop_enchanted_jewellery, drop_trap
Lair:1:   layout_roguey, minivault_24, grunt_megastairs_5,
          infiniplex_staircase_pool_2
Lair:2:   layout_hall_layers, swamp_mist, minmay_snake_entry_spellcaster,
          grunt_forest_small_clearings
Lair:3:   layout_gridlike, uniq_fannar
Lair:4:   nzn_winding_woodlands_stair_cross
          [nzn_winding_woodlands_5x15_river_crossing,
          nzn_winding_woodlands_center_garden,
          nzn_winding_woodlands_5x15_zeroes, nzn_winding_woodlands_hourglass,
          nzn_winding_woodlands_5x5_cross, nzn_winding_woodlands_5x15_garden,
          nzn_winding_woodlands_center_lodge,
          nzn_winding_woodlands_5x15_lazy_stream], layout_misc_corridors,
          uniq_kirke
Lair:5:   layout_regular_city, gammafunk_ghost_hydra_chop, grunt_megastairs_3
Lair:6:   gammafunk_lair_ancient_temple, layout_small_grid,
          nicolae_slime_entry_slimehenge, serial_bayou_pond_a,
          minmay_stone_trees_small, infiniplex_staircase_pool, uniq_urug

Skill      XL: |  1  2  3  4  5  6  7  8  9 10 11 12 13 14 15 |
---------------+----------------------------------------------+-----
Short Blades   | 1 2 3 4 5 6 7 8 9 10 | 10.6
Long Blades    | 1 2 3 4 5 6 7 8 9 10 | 10.6
Maces & Flails | 1 2 3 4 5 6 7 8 9 10 | 10.6
Polearms       | 1 2 3 4 5 6 7 8 9 10 | 10.6
Staves         | 1 2 3 4 5 6 7 8 9 10 | 10.6
Slings         | 1 2 3 4 5 6 7 8 9 10 | 10.6
Bows           | 1 2 3 4 5 6 7 8 9 10 | 10.6
Crossbows      | 1 2 3 4 5 6 7 8 9 10 | 10.6
Throwing       | 1 2 3 4 5 6 7 8 9 10 | 10.6
Stealth        | 1 2 3 4 5 6 7 8 9 10 | 10.6
Shields        | 1 2 3 4 5 6 7 8 9 10 | 10.6
Unarmed Combat | 1 2 3 4 5 6 7 8 9 10 | 10.6
Spellcasting   | 1 2 3 4 5 6 7 8 9 10 | 10.6
Evocations     | 1 2 3 4 5 6 7 8 9 10 | 10.6
Conjurations   | 1 2 3 4 5 6 7 8 |  8.9
Hexes          | 1 2 3 4 5 6 7 8 |  8.9
Summonings     | 1 2 3 4 5 6 7 8 |  8.9
Necromancy     | 1 2 3 4 5 6 7 8 |  8.9
Translocations | 1 2 3 4 5 6 7 8 |  8.9
Transmutations | 1 2 3 4 5 6 7 8 |  8.9
Fire Magic     | 1 2 3 4 5 6 7 8 |  8.9
Ice Magic      | 1 2 3 4 5 6 7 8 |  8.9
Air Magic      | 1 2 3 4 5 6 7 8 |  8.9
Earth Magic    | 1 2 3 4 5 6 7 8 |  8.9
Poison Magic   | 1 2 3 4 5 6 7 8 |  8.9
Dodging        | 3 4 5 6 7 8 9 10 | 10.9
Invocations    | 5 6 7 8 9 10 11 12 | 12.4
Axes           | 5 6 7 8 9 10 11 | 11.5
Armour         | 5 6 7 8 9 10 11 | 11.5
Fighting       | 7 8 9 10 11 12 | 12.4

Action                   |  1- 3 |  4- 6 |  7- 9 | 10-12 | 13-15 | 16-18 || total
-------------------------+-------+-------+-------+-------+-------+-------++-------
Melee: Hand axe          |   106 |   278 |    63 |       |       |       ||   447
       Bite              |     8 |    25 |    45 |    92 |   157 |    17 ||   344
       Punch             |       |     1 |     2 |       |       |       ||     3
       Dagger            |       |       |   293 |   392 |       |       ||   685
       Broad axe         |       |       |       |   264 |  1013 |    60 ||  1337
       Trident           |       |       |       |       |    10 |       ||    10
Throw: Dart              |       |       |       |     5 |     2 |       ||     7
Invok: Depart the Abyss  |     1 |       |       |       |       |       ||     1
       Banish            |       |       |     1 |    11 |    11 |       ||    23
       Bend Space        |       |       |     1 |     1 |     3 |       ||     5
       Corrupt           |       |       |       |       |     1 |       ||     1
Evoke: Wand              |       |     2 |     2 |       |       |       ||     4
  Use: Potion            |     2 |     1 |     2 |     4 |     5 |       ||    14
       Scroll            |       |     5 |     7 |     7 |     7 |       ||    26
 Stab: Invisible         |       |       |     3 |       |       |       ||     3
       Petrified         |       |       |       |       |     4 |       ||     4
       Petrifying        |       |       |       |       |     2 |       ||     2
       Distracted        |       |       |       |       |     1 |       ||     1
Armor: Chain mail        |    86 |   195 |   209 |   105 |       |       ||   595
       Skin              |       |       |       |     9 |       |       ||     9
       Plate armour      |       |       |       |   219 |   721 |    35 ||   975
Dodge: Dodged            |    45 |    94 |   126 |   336 |   741 |    50 ||  1392
       Repelled          |       |       |       |       |       |     1 ||     1
Block: Buckler           |       |       |    30 |   275 |   605 |    42 ||   952

Table legend: (Time is in decaauts)
 A = Elapsed time spent in this place.
 B = Non-inter-level travel time spent in this place.
 C = Inter-level travel time spent in this place.
 D = Time resting spent in this place.
 E = Time spent auto-exploring this place.
 F = Levels seen in this place.
 G = Mean time per level.
                   A        B        C        D        E       F      G
               +--------+--------+--------+--------+--------+-----+--------+
         Total |  26423 |  25955 |    468 |   3036 |  17114 |  25 | 1056.9 |
       Dungeon |  17546 |  17248 |    298 |   1892 |  12121 |  15 | 1169.7 |
          Lair |   7111 |   6941 |    170 |    437 |   4696 |   6 | 1185.2 |
         Abyss |     35 |     35 |      0 |      0 |      3 |   2 |   17.5 |
       Ossuary |    176 |    176 |      0 |      0 |    123 |   1 |  176.0 |
      Gauntlet |   1554 |   1554 |      0 |    707 |    171 |   1 | 1554.0 |
               +--------+--------+--------+--------+--------+-----+--------+

Top non-repeatable levels by time:
     D:9: 2004 daAuts
    D:10: 1921 daAuts
     D:8: 1658 daAuts
  Lair:6: 1612 daAuts
     D:1: 1606 daAuts
Gauntlet: 1554 daAuts
    D:12: 1443 daAuts
  Lair:1: 1305 daAuts
     D:7: 1297 daAuts
     D:3: 1265 daAuts
     D:5: 1241 daAuts
  Lair:4: 1125 daAuts
     D:4: 1084 daAuts
  Lair:3: 1083 daAuts
     D:6: 1074 daAuts
